 Dungeon Crawl Stone Soup version 0.31-a0-1499-ge0622b2318 (webtiles) character file.

Game seed: 8779215828500475827

118 Curundu the Poker (level 4, 0/41 HPs)
             Began as a Minotaur Berserker on Dec 29, 2023.
             Was a Believer of Trog.
             Slain by a goblin
             ... wielding a +0 dagger
             ... led by Robin
              (2 damage)
             ... on level 3 of the Dungeon.
             The game lasted 00:05:54 (1865 turns).

Curundu the Poker (Minotaur Berserker)              Turns: 1865, Time: 00:05:55

Health: 0/41       AC:  5    Str: 23    XL:     4   Next: 72%
Magic:  3/3        EV: 11    Int:  4    God:    Trog [**....]
Gold:   176        SH:  0    Dex: 10    Spells: 3/3 levels left

rFire   . . .        a - +0 spear
rCold   . . .        (no shield)
rNeg    . . .        i - +0 ring mail
rPois   .            (helmet restricted)
rElec   .            (no cloak)
rCorr   .            (no gloves)
SInv    .            (no boots)
Will    .....        (no amulet)
Stlth   +            (no ring)
HPRegen 0.26/turn    (no ring)
MPRegen 0.08/turn

%: no passive effects
@: no status effects
A: horns 2, retaliatory headbutt
a: Renounce Religion, Berserk, Trog's Hand


You were on level 3 of the Dungeon.
You worshipped Trog.
Trog was pleased with you.
You visited 1 branch of the dungeon, and saw 3 of its levels.

You collected 176 gold pieces.

Inventory:

Hand Weapons
 a - a +0 spear (weapon)
Missiles
 k - 3 atropa-tipped darts (quivered)
Armour
 i - a +0 ring mail (worn)
Wands
 j - a wand of mindburst (11)
Scrolls
 d - 2 scrolls of teleportation
 e - a scroll of poison {unknown}
 f - a scroll of revelation {unknown}
 g - 2 scrolls of brand weapon {unknown}
 l - a scroll of vulnerability {unknown}
 m - a scroll of amnesia {unknown}
Potions
 b - a potion of degeneration {unknown}
 c - a potion of attraction {unknown}
 h - a potion of resistance {unknown}
 n - a potion of lignification {unknown}


   Skills:
 + Level 4.6 Fighting
 + Level 5.1 Polearms
 + Level 0.1 Throwing
 + Level 3.0 Armour
 + Level 2.9 Dodging
 + Level 0.3 Stealth


You had 3 spell levels left.
You didn't know any spells.
Your spell library was empty.

Dungeon Overview and Level Annotations

Branches:
Dungeon (3/15)

Altars:

Portals:
Sewer: D:3

Annotations:
D:3 Robin


Innate Abilities, Weirdness & Mutations

You have a pair of horns on your head.
You reflexively headbutt those who attack you in melee.


Message History

The goblin hits you with a +0 club.
* * * LOW HITPOINT WARNING * * *
You hit the goblin.
You kill the goblin!
Trog accepts your kill.
The goblin no longer looks unusually strong. x2
You closely miss the goblin. You hit the goblin.
You kill the goblin!
Trog accepts your kill.
Robin roars a battlecry!
The goblins go into a battle-frenzy!
Robin hits you with a +0 mace.
* * * LOW HITPOINT WARNING * * *
Items here: $ ))) ††.
You hit Robin but do no damage. Robin closely misses you.
You furiously retaliate!
You headbutt Robin! You hit Robin. Your headbutt misses Robin.
Robin is almost dead.
Robin throws the goblin at you!
You barely miss Robin.
Robin is almost dead.
The goblin barely misses you. Robin hits you with a +0 mace.
* * * LOW HITPOINT WARNING * * *
You closely miss Robin.
Robin is almost dead.
The goblin hits you with a +0 dagger.
* * * LOW HITPOINT WARNING * * *
Robin hits you with a +0 mace.
* * * LOW HITPOINT WARNING * * *
You hit Robin but do no damage. You headbutt Robin, but do no damage.
Robin is almost dead.
The goblin hits you with a +0 dagger.
* * * LOW HITPOINT WARNING * * *
You barely miss Robin. Your headbutt misses Robin.
Robin is almost dead.
Robin roars a battlecry!
The hobgoblin goes into a battle-frenzy!
The goblin hits you with a +0 dagger.
You die...

#.# #.#.# #.# #.#
#.#.# #.# ##
#.####.#.###.#
...### #........<..#
......#
##..#.#.#####
.....#.## ##.#.#.#.#
.[......###..).gg..#
.....#...#..g).#g###
............####@#
≈##.>..g.## #g#
#..##.## #.# g≈≈..
#.# #.# ..w≈~.. ...
#.# ∩gggg....#.. ..#
...g~..#. .## ###
.S.≈~..## ## ~~~##.<


You could see Robin, a hobgoblin (strong) and 2 goblins.

Vanquished Creatures
  A sleepcap (D:2)
  3 adders (D:2)
  2 ribbon worms (D:2)
  3 dart slugs
  3 ball pythons (D:2)
  An endoplasm (D:2)
  2 giant cockroaches
  11 goblins
  5 hobgoblins
  2 quokkas
  3 bats (D:2)
  3 frilled lizards (D:2)
  2 kobolds
  2 rats
43 creatures vanquished.

Notes
Turn   | Place    | Note
-------+----------+-------------------------------------------
     0 | D:1      | Curundu the Minotaur Berserker began the quest for the Orb.
     0 | D:1      | Reached XP level 1. HP: 19/19 MP: 0/0
   533 | D:1      | Reached skill level 4 in Polearms
   533 | D:1      | Reached XP level 2. HP: 27/27 MP: 1/1
   758 | D:2      | Reached XP level 3. HP: 17/33 MP: 2/2
  1196 | D:2      | Reached ** piety under Trog
  1197 | D:2      | Reached XP level 4. HP: 33/41 MP: 3/3
  1414 | D:2      | Reached skill level 5 in Polearms
  1833 | D:3      | Noticed Robin
  1834 | D:3      | Found a glowing drain.
  1864 | D:3      | HP: 2/41 [goblin/+0 dagger[Robin] (2)]
  1865 | D:3      | Slain by a goblin

Illustrated notes

Levels and vault maps discovered:
D:1:      psy_arrival_terrarium, layout_basic
D:2:      layout_loops_ring, kennysheep_crisscross, kennysheep_generic_room_2
D:3:      layout_loops_ring, cheibrodos_sewer_entry_sluice,
          shapermc_ecumenical_altar_ellora, pf_guarded_unrand_meek, uniq_robin

Skill      XL: |  1  2  3  4 |
---------------+-------------+-----
Polearms       | 4 5 |  5.1
Fighting       | 4 |  4.6
Armour         | 3 |  3.0
Throwing       | |  0.1
Dodging        | |  2.9
Stealth        | |  0.3

Action                     |  1- 3 |  4- 6 || total
---------------------------+-------+-------++-------
  Melee: Spear             |    83 |    39 ||   122
         Headbutt          |     7 |     8 ||    15
  Throw: Dart              |     2 |    10 ||    12
    Use: Scroll            |     1 |       ||     1
   Stab: Sleeping          |     1 |       ||     1
         Invisible         |       |     1 ||     1
 Armour: Animal skin       |    28 |       ||    28
         Ring mail         |     9 |    39 ||    48
  Dodge: Dodged            |    45 |    24 ||    69

Table legend: (Time is in decaauts)
 A = Elapsed time spent in this place.
 B = Non-inter-level travel time spent in this place.
 C = Inter-level travel time spent in this place.
 D = Time resting spent in this place.
 E = Time spent auto-exploring this place.
 F = Levels seen in this place.
 G = Mean time per level.
                   A        B        C        D        E       F      G
               +--------+--------+--------+--------+--------+-----+--------+
         Total |   1850 |   1850 |      0 |      0 |   1429 |   3 |  616.7 |
       Dungeon |   1850 |   1850 |      0 |      0 |   1429 |   3 |  616.7 |
               +--------+--------+--------+--------+--------+-----+--------+

Top non-repeatable levels by time:
     D:2: 1068 daAuts
     D:1: 637 daAuts
     D:3: 144 daAuts
